Match 41675358
Unlisted

Match 41675358
End
Construct Barracks
1⁄4-ton 4x4 Truck
Riflemen Squad
M1 Mortar Team
M1 Mortar Team
Riflemen Squad
Selects Advanced Infantry Battlegroup
Selects Convert to Ranger Squad
Engineer Squad
Selects Frontline Medical Station
Ranger Squad
Frontline Medical Station
Selects Ammunition Storage
Infantry Support Center
Advanced Logistics
Selects Ranger Weapon Training
Convert to Ranger Squad
Construct Weapon Support Center
Ranger Squad
Survival Training
Construct Tank Depot
Selects M2A1 105mm Howitzer Emplacement
Selects 155mm Rapid Artillery Barrage
Improved M9 Bazooka Rockets
Frontline Medical Station
M18 Hellcat Tank Destroyer
wila
LittleFatty233
你的好友寒风
甜菜的小老弟
CPU -- Easy
✠Baron Von Dorf✠ (SF9912)
The sexy Ginger
Chick
0
0

Comments sign in to comment!

No comments posted yet!